 Dungeon Crawl Stone Soup version 0.17-a0-1914-gde4187c (webtiles) character file.

153 derrpe the Gusty (level 5, -5/31 HPs)
             Began as a High Elf Air Elementalist on Sept 26, 2015.
             Killed from afar by derrpe's ghost (9 damage)
             ... with a magic dart
             ... on level 3 of the Dungeon.
             The game lasted 00:05:14 (3161 turns).

derrpe the Gusty (High Elf Air Elementalist)        Turns: 3161, Time: 00:05:15

Health: -5/31      AC:  3    Str:  7    XL:     5   Next: 12%
Magic:  0/10       EV: 12    Int: 20    God:
Gold:   183        SH:  0    Dex: 15    Spells: 4 memorised, 2 levels left

rFire  + . .     SeeInvis .     i - +0 short sword
rCold  . . .     Clarity  .     a - +0 robe
rNeg   . . .     SustAt   .     (no shield)
rPois  .         Gourm    .     (no helmet)
rElec  .         Spirit   .     u - +0 cloak
rCorr  .         Warding  .     (no gloves)
rMut   .         Stasis   .     (no boots)
MR     .....                    e - amulet of regeneration
Stlth  ++........               (no ring)
                                s - ring of protection from fire

@: repel missiles, not resistant to hostile enchantments, unstealthy
A: no striking features
a: no special abilities


You were on level 3 of the Dungeon.
You were not hungry.

You visited 1 branch of the dungeon, and saw 3 of its levels.

You collected 183 gold pieces.

Inventory:

Hand weapons
 i - a +0 short sword (weapon)
Missiles
 h - 21 arrows
 y - 4 poisoned javelins (quivered)
Armour
 a - a +0 robe (worn)
 p - a cursed +0 ring mail
 u - a +0 cloak (worn)
Jewellery
 e - an amulet of regeneration (around neck)
 s - a ring of protection from fire (left hand)
Magical devices
 w - a wand of magic darts (16)
Scrolls
 d - a scroll of fear {unknown}
 j - a scroll of enchant armour {unknown}
 k - a scroll of immolation {unknown}
 l - a scroll of noise {unknown}
 n - a scroll of identify {unknown}
 q - a scroll of amnesia {unknown}
 r - a scroll of blinking {unknown}
 t - a scroll of enchant weapon {unknown}
 v - 2 scrolls of teleportation {unknown}
 x - a scroll of remove curse {unknown}
Potions
 g - 5 potions of curing {unknown}
 o - 2 potions of heal wounds {unknown}
 z - a potion of mutation {unknown}
 A - a potion of lignification {unknown}
 B - 2 potions of agility {unknown}
 C - a potion of flight {unknown}
Books
 b - a book of Air

   Spells                             Type                      Level
   a - Shock                          Conjuration/Air              1
   b - Swiftness                      Charms/Air                   2
   c - Repel Missiles                 Charms/Air                   2
   d - Static Discharge               Conjuration/Air              3
   e - Lightning Bolt                 Conjuration/Air              5
Comestibles
 c - 4 bread rations {@e1}
 f - 4 fruits
 m - 2 meat rations {@e2}


   Skills:
 - Level 2.1 Dodging
 - Level 2.1 Stealth
 - Level 3.0 Spellcasting
 * Level 4.1 Conjurations
 + Level 1.7 Charms
 + Level 4.5 Air Magic


You had 2 spell levels left.
You knew the following spells:

 Your Spells              Type           Power        Failure   Level  Hunger
a - Shock                 Conj/Air       ###.         2%          1    None
b - Repel Missiles        Chrm/Air       ###...       10%         2    ##.....
c - Swiftness             Chrm/Air       ###.....     10%         2    ##.....
d - Static Discharge      Conj/Air       ###.....     10%         3    ###....


Dungeon Overview and Level Annotations

Branches:
Dungeon (3/15)

Altars:

Annotations:
D:3 derrpe's ghost, average OpCj


Message History

Aim: derrpe's ghost (almost destroyed)
The zap hits derrpe's ghost.
Derrpe's ghost is almost destroyed.
Derrpe's ghost hits you but does no damage.
Throwing (i - inventory):
y - 6 poisoned javelins (quivered)
Press: ? - help, Shift-Dir - straight line, f/p - derrpe's ghost
Aim: derrpe's ghost (almost destroyed)
You throw a poisoned javelin.
The poisoned javelin misses derrpe's ghost.
Derrpe's ghost hits you.
* * * LOW HITPOINT WARNING * * *
Throwing (i - inventory):
y - 5 poisoned javelins (quivered)
Press: ? - help, Shift-Dir - straight line, f/p - derrpe's ghost
Aim: derrpe's ghost (almost destroyed)
You throw a poisoned javelin.
The poisoned javelin closely misses derrpe's ghost.
Derrpe's ghost whispers, "They're coming for you..."
Derrpe's ghost casts a spell at you. The magic dart hits you!
You die...

### ### ###.### #.#
####.....# #.# #..#.#.#.#
#####.### ####..#...#.#
#.......# #.........#.#
#.###...###.#########.#
###...W@(.# #.......# #.
#.....##### #.#######..
#.........# #....#...
#.....###.# #....#.# #..####
#..#...# #.....)....o..
#.##.### #...........)#
#.##.# #.......o.o...
#.<..######
#............######.........


You could see derrpe's ghost.

Vanquished Creatures
  Ijyb (D:2)
  Jessica (D:2)
  3 adders
  2 oozes (D:1)
  3 worms (D:2)
  An orc (D:3)
  A ball python (D:1)
  5 bats (D:1)
  4 giant cockroaches
  8 goblins
  3 hobgoblins (D:2)
  7 jackals
  A quokka (D:2)
  4 giant newts
  4 kobolds
  12 rats
60 creatures vanquished.

Notes
Turn   | Place    | Note
--------------------------------------------------------------
     0 | D:1      | derrpe the High Elf Air Elementalist began the quest for the Orb.
     0 | D:1      | Reached XP level 1. HP: 11/11 MP: 4/4
   182 | D:1      | Reached XP level 2. HP: 17/17 MP: 0/6
   479 | D:1      | Reached skill level 4 in Air Magic
   829 | D:1      | Reached XP level 3. HP: 21/21 MP: 4/7
  1232 | D:1      | Learned a level 2 spell: Repel Missiles
  1235 | D:1      | Learned a level 2 spell: Swiftness
  1738 | D:2      | Reached XP level 4. HP: 23/27 MP: 2/9
  1850 | D:2      | Reached skill level 1 in Charms
  2152 | D:2      | Noticed Ijyb
  2297 | D:2      | Killed Ijyb
  2538 | D:2      | Noticed Jessica
  2540 | D:2      | Killed Jessica
  2540 | D:2      | Reached XP level 5. HP: 31/31 MP: 7/10
  3096 | D:3      | Noticed derrpe's ghost (average OpCj)
  3119 | D:3      | Learned a level 3 spell: Static Discharge
  3161 | D:3      | Killed from afar by derrpe's ghost

Vault maps used:
D:1:      minmay_arrival_pointy, st_stairs_5, moated_statue
D:2:      uniq_iyjb, uniq_jessica
D:3:      makhleb_heckhound_becter

Action                   |  1- 3 |  4- 6 || total
-------------------------+-------+-------++-------
Melee: Unarmed           |    11 |       ||    11
       Short sword       |       |    40 ||    40
Throw: Javelin           |       |     2 ||     2
 Cast: Shock             |    90 |    65 ||   155
       Static Discharge  |       |     3 ||     3
       Repel Missiles    |       |     1 ||     1
  Eat: Chunk             |     3 |     5 ||     8
